 Dungeon Crawl Stone Soup version 0.27.1-2-g3b301248ec (webtiles) character file.

Game seed: 16657361241653074902

17 MisterFreud the Shield-Bearer (level 2, 0/43 HPs)
             Began as a Gnoll Fighter on Oct 3, 2021.
             Succumbed to a kobold's poison
             ... on level 1 of the Dungeon.
             The game lasted 00:00:41 (648 turns).

MisterFreud the Shield-Bearer (Gnoll Fighter)        Turns: 648, Time: 00:00:41

Health: 0/43       AC: 21    Str: 15    XL:     2   Next: 62%
Magic:  2/2        EV:  2    Int:  7    God:
Gold:   15         SH: 10    Dex: 11    Spells: 2/2 levels left

rFire    + . .     SeeInvis .   a - +0 rapier
rCold    + . .     Faith    .   c - +0 kite shield
rNeg     + + +     Spirit   .   (armour currently unavailable)
rPois    +         Reflect  .   (helmet currently unavailable)
rElec    +         Harm     .   (cloak currently unavailable)
rCorr    +         Rampage  .   (gloves currently unavailable)
Will     .....     NoTele   +   (boots currently unavailable)
Stlth    +.........             (no amulet)
HPRegen  0.14/turn              (no ring)
MPRegen  0.08/turn              (no ring)

@: lethally poisoned (0 -> -9), tree-form, resistant
A: stationary, stasis, torment immunity, boosted hp, (fangs 1), strong nose,
distributed training
a: no special abilities


You were on level 1 of the Dungeon.
You were a tree.
You visited 1 branch of the dungeon, and saw 1 of its levels.

You collected 15 gold pieces.

Inventory:

Hand Weapons
 a - a +0 rapier (weapon)
Armour
 b - a +0 scale mail (melded)
 c - a +0 kite shield (worn)
 g - a +0 cloak (melded)
Scrolls
 f - a scroll of fear {unknown}
 h - 2 scrolls of identify {unknown}
 j - a scroll of silence {unknown}
Potions
 d - a potion of might
 i - a potion of resistance


   Skills:
 + Level 6.5 Fighting
 + Level 4.5 Short Blades
 + Level 0.5 Long Blades
 + Level 0.5 Axes
 + Level 0.5 Maces & Flails
 + Level 0.5 Polearms
 + Level 0.5 Staves
 + Level 0.5 Slings
 + Level 0.5 Bows
 + Level 0.5 Crossbows
 + Level 0.5 Throwing
 + Level 6.5 Armour
 + Level 0.5 Dodging
 + Level 0.5 Stealth
 + Level 6.5 Shields
 + Level 0.5 Unarmed Combat
 + Level 0.5 Spellcasting
 + Level 0.3 Conjurations
 + Level 0.3 Hexes
 + Level 0.3 Summonings
 + Level 0.3 Necromancy
 + Level 0.3 Translocations
 + Level 0.3 Transmutations
 + Level 0.3 Fire Magic
 + Level 0.3 Ice Magic
 + Level 0.3 Air Magic
 + Level 0.3 Earth Magic
 + Level 0.3 Poison Magic
 + Level 0.6 Invocations
 + Level 0.5 Evocations


You had 2 spell levels left.
You didn't know any spells.
Your spell library was empty.

Dungeon Overview and Level Annotations

Branches:
Dungeon (1/15)

Altars:


Innate Abilities, Weirdness & Mutations

You are a tree.
Your roots penetrate the ground, keeping you stationary.
You cannot be teleported.
You are immune to unholy pain and torment.
Your maximum health is greatly increased.
Your equipment is partially melded.
((You have very sharp teeth.))
Your uncanny sense of smell can sniff out nearby items.
Your experience applies equally to all skills.


Message History

You block the hobgoblin's attack.
You hit the hobgoblin.
You kill the hobgoblin!
The kobold hits you with a +0 whip of venom.
You are poisoned.
You closely miss the kobold.
You feel very sick. You block the kobold's attack.
You closely miss the kobold.
You feel sick. The kobold barely misses you.
You closely miss the kobold.
You feel sick. You block the kobold's attack.
Your scale mail prevents you from hitting the kobold.
You feel sick. You block the kobold's attack.
You hit the kobold but do no damage. You bite the kobold, but do no damage.
You feel sick. The kobold hits you but does no damage.
You are more poisoned.
The kobold hits you with a +0 whip of venom.
You are lethally poisoned!
You hit the kobold.
The kobold is severely wounded.
You feel very sick. You block the kobold's attack.
You puncture the kobold!
You kill the kobold!
* * * LOW HITPOINT WARNING * * *
You feel very sick.
It was a potion of resistance.
You feel protected.
* * * LOW HITPOINT WARNING * * *
You feel very sick.
Okay, then.
Unknown command.
It was a potion of lignification.
You turn into a tree.
Your +0 cloak melds into your body.
Your +0 scale mail melds into your body.
Your roots penetrate the ground.
* * * LOW HITPOINT WARNING * * *
You feel sick.
There is a lethal amount of poison in your body!
You cannot move.
You die...

###########.##...#
........#...##...#
#######.....######
.....##....##
####.#.....#
#.......#########
###.............#
#.....##..#.#.###
#.....#...#♣#...#
####.....#.# #)###.###
............#.....#...#
.#######..###.###.###.#
#..#!.. ..(#.# #..###
###.# #....# #...#
#....### ###.###
###....#∆#...#


There were no monsters in sight!

Vanquished Creatures
  A dart slug (D:1)
  2 bats (D:1)
  An endoplasm (D:1)
  2 hobgoblins (D:1)
  3 kobolds (D:1)
  2 ball pythons (D:1)
  4 rats (D:1)
15 creatures vanquished.

Notes
Turn   | Place    | Note
-------+----------+-------------------------------------------
     0 | D:1      | MisterFreud the Gnoll Fighter began the quest for the Orb.
     0 | D:1      | Reached XP level 1. HP: 23/23 MP: 1/1
   255 | D:1      | Reached XP level 2. HP: 29/29 MP: 2/2
   647 | D:1      | HP: 2/43 [poisoned by a kobold]
   648 | D:1      | Succumbed to a kobold's poison

Illustrated notes

Levels and vault maps discovered:
D:1:      dpeg_arrival_short_road, layout_basic, serial_co_window_serial,
          co_window_of_opportunity_a, co_window_paths_a, co_window_corner_a,
          co_window_paths_a, co_window_paths_a, co_window_corner_b,
          co_window_broadway_a, co_window_2corner, co_window_corner_b,
          co_window_of_opportunity_c, co_window_paths_d, glass_columns_a,
          glass_columns_a, glass_columns_a, glass_columns_a, glass_columns_b,
          minmay_quantized

Action                   || total
-------------------------++-------
Melee: Rapier            ||    40
       Bite              ||     4
  Use: Potion            ||     2
Armor: Scale mail        ||    17
Dodge: Dodged            ||    11
Block: Kite shield       ||    22
